 Dungeon Crawl Stone Soup version 0.27.1-1-g398f81649c (webtiles) character file.

Game seed: 10447589603941990174

100 pkoi the Ruffian (level 4, -2/66 HPs)
             Began as a Troll Monk on Sept 14, 2021.
             Slain by an orc (8 damage)
             ... on level 3 of the Dungeon.
             The game lasted 00:01:54 (1787 turns).

pkoi the Ruffian (Troll Monk)                       Turns: 1787, Time: 00:01:54

Health: -2/66      AC:  4    Str: 20    XL:     4   Next: 46%
Magic:  3/3        EV: 10    Int:  6    God:
Gold:   90         SH:  0    Dex: 12    Spells: 3/3 levels left

rFire    . . .     SeeInvis .     - Unarmed
rCold    . . .     Faith    .   (no shield)
rNeg     . . .     Spirit   .   a - +0 robe
rPois    .         Reflect  .   (helmet restricted)
rElec    .         Harm     .   (no cloak)
rCorr    .         Rampage  .   (gloves unavailable)
Will     .....                  (boots unavailable)
Stlth    ..........             (no amulet)
HPRegen  1.21/turn              h - ring of flight
MPRegen  0.08/turn              (no ring)

@: berserking, lethally poisoned (-2 -> -2), about to teleport, flying, very
quick
A: large, unfitting armour, claws 3, regeneration 1, shaggy fur 1, tough skin 1
a: no special abilities


You were on level 3 of the Dungeon.
You visited 1 branch of the dungeon, and saw 3 of its levels.

You collected 90 gold pieces.

Inventory:

Missiles
 d - 2 throwing nets (quivered)
Armour
 a - a +0 robe (worn)
Jewellery
 h - a ring of flight (left claw)
Scrolls
 c - a scroll of identify
Potions
 g - a potion of attraction {unknown}


   Skills:
 - Level 2.4 Fighting
 - Level 2.4 Dodging
 - Level 1.0 Stealth
 + Level 5.3 Unarmed Combat


You had 3 spell levels left.
You didn't know any spells.
Your spell library contained the following spells:

 Spells                   Type           Power      Damage    Failure   Level
 Animate Skeleton         Necr           0%         N/A       45%         1
 Pain                     Necr           0%         1d4       45%         1
 Summon Small Mammal      Summ           0%         N/A       45%         1
 Vampiric Draining        Necr           0%         2d6       83%         3


Dungeon Overview and Level Annotations

Branches:
Dungeon (3/15)

Altars:

Shops:
D:1 :

Annotations:
D:3 2 transporters


Innate Abilities, Weirdness & Mutations

You are too large for most types of armour.
You have claws for hands.
Your natural rate of healing is unusually fast.
You are covered in fur. (AC +1)
You have tough skin. (AC +1)


Message History

The orc hits you from afar with a +0 trident!
* * * LOW HITPOINT WARNING * * *
The adder bites you.
* * * LOW HITPOINT WARNING * * *
You are more poisoned.
The adder poisons you!
You miss the adder.
You feel sick. Something hits you.
* * * LOW HITPOINT WARNING * * *
The orc hits you but does no damage.
The orc hits you from afar with a +0 trident.
* * * LOW HITPOINT WARNING * * *
The orc closely misses you. The adder bites you.
* * * LOW HITPOINT WARNING * * *
You are more poisoned.
The adder poisons you!
Unknown command.
You feel very sick. Something hits you.
* * * LOW HITPOINT WARNING * * *
* * * LOW HITPOINT WARNING * * *
You feel very sick. The adder bites you but does no damage.
Okay, then.
It was a potion of curing.
You feel better.
The orc hits you from afar with a +0 trident.
* * * LOW HITPOINT WARNING * * *
The adder closely misses you.
Okay, then.
As you read the scroll of teleportation, it crumbles to dust.
You feel strangely unstable. The orc closely misses you. The adder bites you.
* * * LOW HITPOINT WARNING * * *
You are poisoned.
The adder poisons you! The orc barely misses you.
You feel sick. Something hits you but does no damage.
Unknown command.
A red film seems to cover your vision as you go berserk!
You feel yourself moving faster!
You feel mighty!
You feel sick. The adder closely misses you.
The orc hits you from afar with a +0 trident!
You die...

..# #...#..#..≈P≈≈≈
###.## #..©#©/+..≈♣≈≈≈ #
....# #...#..#..≈≈P≈≈
#.###...# #.#.#8P#;;≈≈≈≈≈
..#.......#
#.#.###########
.........o#
#.#............
#.....oo###.#############
....#####S.##.# .
##@##.########
#.##........#
#..#........#
##.#........#
.#+#####.#........#
..................#
<.................#
#..........########
.......#....#8###8##


You could see an adder and 3 orcs.

Vanquished Creatures
  Robin (D:2)
  2 adders (D:2)
  3 worms (D:2)
  A dart slug (D:2)
  2 ball pythons (D:1)
  2 bats
  2 endoplasms (D:2)
  4 giant cockroaches
  14 goblins
  8 hobgoblins
  A quokka (D:3)
  4 frilled lizards
  6 kobolds
  5 rats
55 creatures vanquished.

Notes
Turn   | Place    | Note
-------+----------+-------------------------------------------
     0 | D:1      | pkoi the Troll Monk began the quest for the Orb.
     0 | D:1      | Reached XP level 1. HP: 22/22 MP: 0/0
    24 | D:1      | Found a faded altar of an unknown god.
    39 | D:1      | Got Plato's Papyrus of the Escort
   133 | D:1      | Reached XP level 2. HP: 29/29 MP: 1/1
   326 | D:1      | Found Ypiojas's Book Boutique.
   786 | D:2      | Reached skill level 4 in Unarmed Combat
   802 | D:2      | Noticed Robin
   804 | D:2      | Reached XP level 3. HP: 36/36 MP: 2/2
   835 | D:2      | Killed Robin
   921 | D:2      | Reached XP level 4. HP: 44/44 MP: 3/3
   997 | D:2      | Reached skill level 5 in Unarmed Combat
  1629 | D:3      | Found a transporter.
  1726 | D:3      | Found a transporter.
  1783 | D:3      | HP: 2/44 [poisoned by an adder]
  1787 | D:3      | Slain by an orc

Illustrated notes

Levels and vault maps discovered:
D:1:      tarquinn_simple_flora_water_d, layout_basic,
          shapermc_ecumenical_altar_rom_forum, serial_shops, shop
D:2:      layout_basic, st_stairs_5, minmay_misc_feat_pillars, uniq_robin
D:3:      gammafunk_steamed_eel, layout_basic, corexii_hall_statues_t,
          grunt_decor_clamped, kennysheep_generic_room_6

Skill      XL: |  1  2  3  4 |
---------------+-------------+-----
Unarmed Combat | 4 5 |  5.3
Fighting       | |  2.4
Dodging        | |  2.4
Stealth        | |  1.0

Action                   |  1- 3 |  4- 6 || total
-------------------------+-------+-------++-------
Melee: Unarmed           |    99 |    45 ||   144
       Punch             |     4 |     1 ||     5
  Use: Scroll            |     2 |     1 ||     3
       Potion            |       |     2 ||     2
 Stab: Sleeping          |     3 |     3 ||     6
Armor: Robe              |    30 |    10 ||    40
Dodge: Dodged            |    49 |    32 ||    81
